Cogmind - Beta 17 @@@ ROGUE MODE // 2026.08.27 @ 18:48:45 Player: CONM Result: Destroyed by B-75 Beast with Heavy Plasma Cannon Performance ------------- Evolutions (2) 1000 Regions Visited (4) 800 Robots Destroyed (55) 275 Value Destroyed (2960) 2960 Prototype IDs (4) 80 Alien Tech Used (0) 0 Bonus (481) 481 TOTAL SCORE: 5596 Bonus ------- High Alert Combat Kills 281 Entered Garrisons 200 Cogmind --------- Core Integrity 0/550 Matter 299/300 Energy 100/100 System Corruption 3% Temperature Cool (12) Movement Core (50) Location -8/Garrison Parts ------- > --- POWER (1) -------- (None) > --- PROPULSION (4) --- (None) > --- UTILITY (3) ------ (None) > --- WEAPON (3) ------- (None) > --- INVENTORY (5) ---- Sensor Array Improved Medium Armor Plating Relay Coupler [NC] (22) Gatling Laser Datajack Peak State ------------ > --- POWER ------------ Improved Ion Engine > --- PROPULSION ------- Light Treads Advanced Treads > --- UTILITY ---------- High-capacity Storage Unit Advanced Targeting Computer Improved Medium Armor Plating > --- WEAPON ----------- Gatling Laser Gatling Laser Improved EM Pulse Cannon > --- INVENTORY -------- Makeshift Flight Unit Small Storage Unit Large Matter Pod Advanced Visual Processing Unit Sensor Array Signal Interpreter Seismic Detector Improved Medium Armor Plating Relay Coupler [Swarmer] Relay Coupler [Swarmer] Relay Coupler [Duelist] Relay Coupler [Hunter] Relay Coupler [Hunter] Gatling Laser Gatling Laser Improved EM Pulse Cannon Heavy Assault Rifle Advanced EMP Blaster Datajack Hammer [Rating: 31] Favorites ----------- Power Improved Ion Engine Engine Improved Ion Engine Power Core Light Nuclear Core Propulsion Light Treads Treads Light Treads Wheel Wheel Utility High-capacity Storage Unit Device Improved Terrain Scanner Storage High-capacity Storage Unit Processor Advanced Targeting Computer Protection Improved Medium Armor Plating Weapon Gatling Laser Energy Gun Gatling Laser Energy Cannon Improved EM Pulse Cannon Ballistic Gun Heavy Assault Rifle Ballistic Cannon Battle Cannon Launcher Advanced EMP Blaster Impact Weapon Hammer Build | -11 -10 -10 -8 -8 ------- Run | Yrd Mat Sub Mat Gar Slots Evolved 4 | . . . 4 . Power . | . . . . . Propulsion 2 | . . . 2 . Utility 1 | . . . 1 . Weapon 1 | . . . 1 . Parts Attached 46 | 7 4 3 11 21 Power 5 | 1 . . 2 2 Engine 4 | 1 . . 2 1 Core 1 | . . . . 1 Reactor . | . . . . . Propulsion 12 | 2 . 1 3 6 Treads 9 | 2 . . 1 6 Leg . | . . . . . Wheel 3 | . . 1 2 . Hover . | . . . . . Flight . | . . . . . Utility 9 | 2 2 . 3 2 Device 2 | 1 . . . 1 Storage 2 | 1 1 . . . Processor 3 | . 1 . 2 . Hackware . | . . . . . Protection 2 | . . . 1 1 Artifact . | . . . . . Weapon 20 | 2 2 2 3 11 Energy Gun 8 | 2 1 . 1 4 Energy Cannon 1 | . . . . 1 Ballistic Gun 6 | . . 1 1 4 Ballistic Cannon 1 | . . 1 . . Launcher 3 | . . . 1 2 Special Weapon . | . . . . . Impact Weapon 1 | . 1 . . . Slashing Weapon . | . . . . . Piercing Weapon . | . . . . . Special Melee Weapon . | . . . . . Unidentified Prototypes 1 | . . . 1 . Corrupted Parts 1 | . . . . 1 System Corruption 1 | . . . . 1 Parts Lost 30 | . . 3 3 24 Power 4 | . . . 1 3 Propulsion 12 | . . 1 1 10 Utility 1 | . . . . 1 Weapon 13 | . . 2 1 10 Highest Loss Streak 8 | . . 2 3 8 To Critical Strikes . | . . . . . Average Backups 15 | 2 9 13 12 19 Power . | 1 1 1 . . Propulsion 1 | 1 2 2 2 . Utility 8 | . 3 6 6 12 Weapon 3 | . 1 3 2 5 Tool/Special . | . . . . . Unused Backups 20 | . 2 . . 18 Power 1 | . 1 . . . Propulsion 2 | . 1 . . 1 Utility 13 | . . . . 13 Weapon 3 | . . . . 3 Tool/Special 1 | . . . . 1 Average Slot Usage (%) 91 | . 100 94 89 88 Engine 9 | . 14 14 9 7 Treads 24 | . 28 19 12 27 Wheel 4 | . . 9 15 2 Device 1 | . 3 . . 2 Storage 10 | . 14 14 9 8 Processor 9 | . 10 14 8 8 Protection 3 | . . . 8 5 Energy Gun 16 | . 27 15 8 14 Ballistic Gun 5 | . . 3 11 6 Launcher 1 | . . . 4 1 Impact Weapon 1 | . . . . 1 Peak Build Rating 31 | 7 8 10 24 31 Average Rating 18 | 5 7 8 18 25 On Entrance 9 | . 7 8 10 22 Avg Prop Armor Cover (%) 10 | . . 13 9 8 Naked Turns 60 | . . . . 60 Heaviest Build 68 | 12 47 49 68 65 Greatest Support 82 | 40 40 40 42 82 Greatest Overweight (x) 6 | . 1 4 6 4 Average Overweight (x) 1 | . . 3 3 . Largest Inventory Capacity 20 | 8 20 20 20 20 Average Capacity 18 | 7 15 20 20 19 Most Carried 20 | 6 12 14 15 20 Average Carried 15 | 2 9 13 12 19 Final Capacity 20 | 8 20 20 20 5 Final Carried 15 | 6 12 13 15 5 Class Distribution -------------------- 43% | Mutant 30% | Scavenger-Gunner 15% | Scavenger-Mutant 10% | Gunner Dominant Class ---------------- Mutant | -10/Materials Mutant | -10/Subcaves Gunner | -8/Materials Scavenger-Gunner | -8/Garrison Resources | -11 -10 -10 -8 -8 ----------- Run | Yrd Mat Sub Mat Gar Matter Collected 1438 | 244 219 14 208 753 Remotely . | . . . . . Salvage Created 2080 | 77 281 213 415 1094 Parts 119 | 9 12 14 14 70 Haulers Intercepted . | . . . . . Recyclers Shooed 1 | 1 . . . . Parts Field Recycled . | . . . . . Retrieved Matter . | . . . . . Parts Self-Destructed 9 | . . 9 . . Prevented 3 | . . 3 . . Parts Restored . | . . . . . Kills | -11 -10 -10 -8 -8 ------- Run | Yrd Mat Sub Mat Gar Combat Hostiles Destroyed 51 | . 6 6 7 32 Guns 37 | . 6 2 5 24 Cannons 3 | . . 2 1 . AOE 11 | . . 2 1 8 Classes Destroyed 8 | 1 1 2 1 3 Builder 1 | . . . 1 . Tunneler 3 | 3 . . . . Swarmer 15 | . . 2 3 10 Cutter 2 | . . . . 2 Grunt 23 | . 6 3 3 11 Duelist 1 | . . . . 1 Sentry 9 | . . 1 1 7 Hunter 1 | . . . . 1 Best Kill Streak 4 | 1 4 2 3 4 Combat Bots Only 4 | . 4 2 3 4 Max Kills in Single Turn 3 | 1 1 2 2 3 Gunslinging . | . . . . . Exploded 2 | . . 2 1 2 Melee . | . . . . . Uniques/NPCs Destroyed . | . . . . . Combat | -11 -10 -10 -8 -8 -------- Run | Yrd Mat Sub Mat Gar Hostile Shots Fired 296 | . 19 20 44 213 Missed 84 | . 5 6 11 62 Hits 212 | . 14 14 33 151 Projectile 212 | . 14 14 33 151 AOE 1 | . . . . 1 Critical Strikes 6 | . . . 1 5 Damage Taken 4066 | . 158 345 547 3016 Core 659 | . 12 88 49 510 Absorbed by Shields . | . . . . . Ignored by Resistances 55 | . . . 29 26 Core Remaining (%) 80 | 100 . 60 . . Volleys Fired 157 | 11 11 11 19 105 Largest 3 | 2 2 2 3 3 Hottest 196 | 80 80 80 96 196 Shots Fired 298 | 15 22 22 41 198 Gun 257 | 15 22 17 28 175 Cannon 14 | . . 5 9 . Launcher 27 | . . . 4 23 Special . | . . . . . Kinetic 117 | . . 10 26 81 Thermal 86 | 11 . . . 75 Explosive 6 | . . . . 6 Electromagnetic 89 | 4 22 12 15 36 Robot Hit Streak 26 | 8 16 26 7 22 Robot Miss Streak 6 | 2 2 2 3 6 Penetration Max . | . . . . . Secondary Targets 4 | . . . . 4 Max Gunslinging Chain 1 | . . . . 1 Shots Hit Robots 213 | 11 17 16 24 145 Core Hits 107 | 3 9 7 13 75 Critical Kills . | . . . . . Critical Parts Destroyed . | . . . . . Critical Strikes 2 | . . . 1 1 Burn 1 | . . . . 1 Corrupt 1 | . . . 1 . Melee Attacks 24 | . 1 . . 23 Impact 24 | . 1 . . 23 Slashing . | . . . . . Piercing . | . . . . . Sneak Attacks . | . . . . . Combat Hostiles . | . . . . . Follow-up Attacks . | . . . . . Damage Inflicted 4499 | 160 237 337 611 3154 Guns 3011 | 129 237 160 272 2213 Cannons 151 | . . 83 68 . Explosions 1325 | 28 . 94 271 932 Melee . | . . . . . Ramming 12 | 3 . . . 9 Kinetic 1159 | . . 114 252 793 Thermal 1683 | 116 . 94 199 1274 Explosive 343 | . . . . 343 Electromagnetic 1302 | 41 237 129 160 735 Impact . | . . . . . Slashing . | . . . . . Piercing . | . . . . . Highest Corruption 3 | . . . 1 3 Average Corruption 1 | . . . 1 1 Corruption Purged . | . . . . . Corruption Blocked . | . . . . . Effects 41 | . . . 4 37 Message Errors 3 | . . . . 3 Matter Fused 9 | . . . 1 8 Heat Flow Errors 12 | . . . . 12 Energy Discharges 3 | . . . . 3 Parts Rejected 1 | . . . . 1 Data Loss (minor) 5 | . . . 2 3 Data Loss (major) 4 | . . . . 4 Misfires 2 | . . . 1 1 Alerts 1 | . . . . 1 Weapon Failures 1 | . . . . 1 Overload Shots . | . . . . . Overflow Damage 115 | . . 29 71 15 Projectiles 29 | . . 29 . . Explosions 86 | . . . 71 15 Melee . | . . . . . Knockbacks 1 | . . . 1 . Impact . | . . . . . Kinetic 1 | . . . 1 . Secondary . | . . . . . Self-Inflicted Damage 608 | . . 49 110 449 Shots 13 | . . 1 1 11 Rammed 5 | 2 . . . 3 Targets Rammed 5 | 2 . . . 3 Kicked . | . . . . . Crushed . | . . . . . Highest Temperature 377 | 72 122 7 297 377 Average Temperature 108 | 38 48 7 146 112 Received Heat Transfer 1179 | . 90 27 207 855 Effects 2 | . . . 1 1 Shutdowns 1 | . . . . 1 Interference 1 | . . . 1 . Siege Activations . | . . . . . Martial Activations . | . . . . . Shielding Activations . | . . . . . Robots Disrupted . | . . . . . Combat Hostiles . | . . . . . Robots Corrupted . | . . . . . Combat Hostiles . | . . . . . Parts Fried 5 | . 1 1 1 2 Impact Corruptions . | . . . . . Robots Melted . | . . . . . Combat Hostiles . | . . . . . Parts Melted 5 | . . . . 5 Heat Transferred 3278 | 250 . 100 100 2828 Parts Sabotaged . | . . . . . Parts Stolen . | . . . . . Parts Stripped . | . . . . . Power Chain Reactions 5 | 1 . 1 . 3 Alert | -11 -10 -10 -8 -8 ------- Run | Yrd Mat Sub Mat Gar Maximum Alert Level 5 | . . . . 5 Low Security (%) 38 | 100 100 . 100 6 Level 1 5 | . . . . 8 Level 2 16 | . . . . 25 Level 3 13 | . . . . 20 Level 4 20 | . . . . 30 Level 5 5 | . . . . 9 High Security . | . . . . . Max Security . | . . . . . Peak Influence 1911 | 5 92 . 147 1911 Initial 26 | . . . 26 18 Average 621 | . 10 . 71 924 Influence Increases 2741 | 15 223 170 250 2083 Destroy 0b10 Robot/C 1020 | . 120 120 140 640 Destroy 0b10 Robot/NC 20 | 15 . . 5 . Destroy Leader 130 | . 40 20 30 40 Successful Hack 35 | . 33 . 2 . Disable Machine 75 | . 15 . 45 15 Anti-Garrison Action 1100 | . . . . 1100 Destroy Structure 181 | . . . 28 153 Lose Combat Pursuer 180 | . 15 30 . 135 Influence Decreases 880 | 15 140 201 274 250 Entered New Map 77 | . . 41 26 10 Time Decay 535 | 15 140 160 220 . Lost Part 268 | . . . 28 240 Squads Dispatched 4 | . 4 . . . Investigation 3 | . 3 . . . Extermination . | . . . . . Reinforcement 1 | . 1 . . . Assault . | . . . . . Garrison . | . . . . . Intercept . | . . . . . Searches Triggered . | . . . . . Construction Impeded . | . . . . . Haulers Reinforced . | . . . . . Active Scanning Responses . | . . . . . Cargo Convoy Interrupts . | . . . . . Stealth | -11 -10 -10 -8 -8 --------- Run | Yrd Mat Sub Mat Gar Distress Signals 1 | . . . 1 . Communications Jammed . | . . . . . Distress Signals . | . . . . . Times Spotted 66 | . 10 8 11 37 Peak Tracking Total 7 | . 5 3 3 7 Tactical Retreats 7 | . 1 1 . 5 Traps | -11 -10 -10 -8 -8 ------- Run | Yrd Mat Sub Mat Gar Traps Triggered 13 | . 3 3 1 6 Indirectly . | . . . . . Trap Hack Attempts . | . . . . . Triggered . | . . . . . Disarmed . | . . . . . Reprogrammed . | . . . . . Reused . | . . . . . Traps Extracted . | . . . . . Installed . | . . . . . Triggered . | . . . . . Machines | -11 -10 -10 -8 -8 ---------- Run | Yrd Mat Sub Mat Gar Machines Disabled 13 | . 1 . 3 9 Max in Single Turn 3 | . 1 . 2 3 Garrison Relay 5 | . . . . 5 Phase Generator 1 | . . . . 1 Machines Repaired . | . . . . . Machines Dismantled . | . . . . . Machines Sabotaged . | . . . . . Overloaded Fab Kills . | . . . . . Hacking | -11 -10 -10 -8 -8 --------- Run | Yrd Mat Sub Mat Gar Machines Accessed 9 | . 2 1 3 3 Terminals 6 | . 2 . 1 3 Fabricators . | . . . . . Repair Stations . | . . . . . Recycling Units . | . . . . . Scanalyzers 1 | . . . 1 . Garrison Access 1 | . . . 1 . Total Hacks 24 | . 7 2 9 6 Successful 12 | . 4 2 6 . Failed 12 | . 3 . 3 6 Catastrophic 2 | . . . 1 1 Database Lockouts . | . . . . . Manual 8 | . 2 . 4 2 Terminals 17 | . 7 . 4 6 Fabricators . | . . . . . Repair Stations . | . . . . . Recycling Units . | . . . . . Scanalyzers 4 | . . . 4 . Garrison Access 1 | . . . 1 . Terminal Hacks 6 | . 3 2 1 . Record 2 | . . 2 . . Prototype ID Bank 1 | . 1 . . . Terminal Index 2 | . 1 . 1 . Zone Layout 1 | . 1 . . . Fabricator Hacks . | . . . . . Repair Station Hacks . | . . . . . Recycling Unit Hacks . | . . . . . Scanalyzer 4 | . . . 4 . Retrieve Study 4 | . . . 4 . Garrison Access Hacks 1 | . . . 1 . Unlock Access 1 | . . . 1 . Unauthorized Hacks 1 | . 1 . . . Terminals 1 | . 1 . . . Botnet 1 | . 1 . . . Fabricators . | . . . . . Repair Stations . | . . . . . Recycling Units . | . . . . . Scanalyzers . | . . . . . Garrison Access . | . . . . . Data Cores Recovered . | . . . . . Used . | . . . . . Hacking Detections 7 | . 2 . 2 3 Full Trace Events . | . . . . . Feedback Events . | . . . . . Feedback Blocked . | . . . . . Robot Schematics Acquired . | . . . . . Robots Built . | . . . . . Authchips . | . . . . . Time . | . . . . . Total Robot Build Rating . | . . . . . Part Schematics Acquired . | . . . . . Parts Built . | . . . . . Authchips . | . . . . . Time . | . . . . . Total Part Build Rating . | . . . . . Part Studies Acquired 4 | . . . 4 . Parts Repaired . | . . . . . Time . | . . . . . Parts Recycled . | . . . . . Recycled Matter . | . . . . . Retrieved Matter . | . . . . . Retrieved Components . | . . . . . Parts Scanalyzed . | . . . . . Part Schematics Acquired . | . . . . . Parts Damaged . | . . . . . Bothacking | -11 -10 -10 -8 -8 ------------ Run | Yrd Mat Sub Mat Gar Used RIF Installer . | . . . . . Robots Hacked . | . . . . . Non-combat . | . . . . . Combat . | . . . . . Robot Hacks Applied . | . . . . . Relay Couplers Released 21 | . . . . 21 Machine Destruction 21 | . . . . 21 Fabnet Peak Effective % . | . . . . . Robots Rewired . | . . . . . Allies Hacked . | . . . . . Hacks Repelled . | . . . . . Allies | -11 -10 -10 -8 -8 -------- Run | Yrd Mat Sub Mat Gar Total Allies . | . . . . . Largest Group . | . . . . . Highest-Rated Group . | . . . . . Highest-Rated Ally . | . . . . . Total Orders . | . . . . . Ally Attacks . | . . . . . Total Damage . | . . . . . Kills . | . . . . . Allies Corrupted . | . . . . . Allies Melted . | . . . . . Intel | -11 -10 -10 -8 -8 ------- Run | Yrd Mat Sub Mat Gar Active Infowar (turns) 980 | 37 181 . . 762 Terrain 762 | . . . . 762 Seismic 218 | 37 181 . . . Robot Analysis Total . | . . . . . Derelict Logs Recovered . | . . . . . Drone Launches . | . . . . . Drone Recoveries . | . . . . . Exploration | -11 -10 -10 -8 -8 ------------- Run | Yrd Mat Sub Mat Gar Turns Passed 5322 | 273 761 834 485 2969 Spaces Moved 2795 | 143 326 473 333 1520 Core 94 | 3 . . . 91 Treads 1879 | 140 326 116 3 1294 Legs . | . . . . . Wheels 822 | . . 357 330 135 Hover . | . . . . . Flight . | . . . . . Fastest Speed 50 | 50 160 140 100 50 Average Speed 161 | 157 203 164 116 161 Slowest Speed 240 | 160 240 240 212 240 Overloaded Moves . | . . . . . Propulsion Burnouts . | . . . . . Robots Hopped . | . . . . . Potential Cave-ins . | . . . . . Cave-ins Triggered . | . . . . . Exploration Rate (%) 37 | 8 46 31 22 82 Regions Visited 4 Branch Regions 1 Pre-discovered Areas . | . . . . . Known Exits Taken 1 | . . . 1 . Unknown Exits Taken 3 | 1 1 1 . . Scrap Searched . | . . . . . Spaces Dug 5 | . . . . 5 Terrain Destroyed 165 | 7 . 2 26 130 Melee 5 | . . . . 5 Projectile 1 | . . . 1 . AOE 159 | 7 . 2 25 125 Terrain Rammed . | . . . . . Walls Destroyed . | . . . . . Machines Disabled . | . . . . . Actions | -11 -10 -10 -8 -8 --------- Run | Yrd Mat Sub Mat Gar Total 3266 | 171 402 502 392 1799 Wait 155 | 3 47 12 25 68 Move 2791 | 142 325 472 332 1520 Hop . | . . . . . Pick Up 41 | 6 9 4 4 18 Fast Attach 27 | 7 . . 5 15 Attach 15 | . . 3 3 9 Detach . | . . . . . Swap 20 | . 5 . 3 12 Drop 13 | . 4 . 1 8 Fire 157 | 11 11 11 19 105 Melee 24 | . 1 . . 23 Ram 3 | . . . . 3 Kick . | . . . . . Crush 2 | 2 . . . . Escape Stasis 18 | . . . . 18 Rewire . | . . . . . Trap . | . . . . . Miscellaneous . | . . . . . Route ------- -11/Scrapyard -10/Materials (discovered 3 exits: [*Min x2] / *Sub) -10/Subcaves (discovered 2 exits: *Mat x2) -8/Materials -8/Garrison (discovered 4 exits: [*Mat x4]) History --------- Turn | Location | Event 58 | -11/Scrapyard | Discovered new exit (range 16) 274 | -11/Scrapyard | Entered Materials 289 | -10/Materials | Discovered new exit (range 16) 313 | -10/Materials | Build established: Mutant 861 | -10/Materials | Discovered new exit (range 6) 965 | -10/Materials | Discovered new exit (range 9) 1035 | -10/Materials | Entered Subcaves 1038 | -10/Subcaves | Shifting Twisted Machinery released Battle Cannon 1350 | -10/Subcaves | Discovered new exit (range 15) 1681 | -10/Subcaves | Shifting Twisted Machinery released Mak. Flight Unit 1812 | -10/Subcaves | Discovered new exit (range 9) 1829 | -10/Subcaves | Visited Clippyterm 1833 | -10/Subcaves | Learned Factory fabricator intel 1869 | -10/Subcaves | Entered Materials 1869 | -8/Materials | Evolved 4 slots: Propulsion x2, Utility x1, Weapon x1 1991 | -8/Materials | Lost 3 parts (1p1n1w) 2350 | -8/Materials | Identified exit to Garrison 2354 | -8/Materials | Entered Garrison 2398 | -8/Garrison | Triggered checkpoint 2429 | -8/Garrison | Garrison Relay disabled 2518 | -8/Garrison | Triggered checkpoint 2518 | -8/Garrison | Triggered checkpoint 2651 | -8/Garrison | Lost 4 parts (1p1n2w) 2802 | -8/Garrison | Triggered checkpoint 2841 | -8/Garrison | Garrison Relay disabled 2989 | -8/Garrison | Build established: Scavenger-Mutant 3026 | -8/Garrison | Lost 3 parts (1p1n1w) 3447 | -8/Garrison | Discovered new exit (range 9) 3488 | -8/Garrison | Triggered checkpoint 3523 | -8/Garrison | Garrison Relay disabled 3584 | -8/Garrison | Triggered checkpoint 3654 | -8/Garrison | Triggered checkpoint 3734 | -8/Garrison | Triggered checkpoint 3769 | -8/Garrison | Discovered new exit (range 5) 3816 | -8/Garrison | Garrison Relay disabled 3871 | -8/Garrison | Discovered new exit (range 14) 3960 | -8/Garrison | Triggered checkpoint 4008 | -8/Garrison | Build established: Scavenger-Gunner 4037 | -8/Garrison | Discovered new exit (range 14) 5029 | -8/Garrison | Build established: Scavenger-Mutant 5072 | -8/Garrison | Phase Generator disabled 5200 | -8/Garrison | Spotted B-75 Beast 5224 | -8/Garrison | Core integrity fell below 50% 5262 | -8/Garrison | Released all parts (5) 5283 | -8/Garrison | Core integrity fell below 20% 5292 | -8/Garrison | Lost 8 parts (1p4n3w) 5323 | -8/Garrison | Destroyed by B-75 Beast with Heavy Plasma Cannon Last Messages --------------- 05251_ Lgt. Treads+ destroyed. 05251_ Imp. Ion Engine destroyed. 05255_ Hvy. Assault Rifle+ destroyed. 05257_ Acquired 1 matter. 05261_ Lgt. Treads+ destroyed. 05262_ Released Imp. Terrain Scanner. 05262_ Released Adv. Targeting Computer. 05262_ Released Hcp. Storage Unit. 05262_ Released Gatling Laser. 05262_ Released Imp. EM Pulse Cannon. 05263_ Acquired Gatling Laser. 05264_ Dropped Gatling Laser. 05276_ Extracted 74 matter. 05282_ Knocked back. 05293_ Acquired Corrupted Unknown Hackware. 05293_ Identified Relay Coupler [Duelist]. 05293_ Corrupted Relay Coupler [Duelist] fries itself. 05307_ B-75 Beast IFF system glitched. 05308_ Slammed into B-75 Beast. 05310_ Knocked back. Map ----- +----------------------------------------------------+ | ##????????????????# #??????????????????????????? | | #?????????????????# #??????#####???????????????? | | #?????????????????# #??????#! !#???????????????? | | #?????#???????????# #??????#! !#???????????????? | | ???????############ ##?????#!/ #???????????????? | | ???????# = #?????## ##???????????????? | | ???????# ########## %##??????# #????????????????? | | ???????# #????????# [#???????# #????????????????? | | #???####+####?????# #???????# #????????????????? | | ??### !!^ #?????# #????####+####?????????????? | | ?##"#! [ #?????# #????# "#?????????????? | | ?#"!" ! #????## ##???# !!!"#?????????????? | | ?##"#!! #????#" #???# """ ""#?????????????? | | ??###!!= ]]#????## "#???# #######?????????????? | | ????####+####????#" "#???# #??????????????????? | | ???????# #???????#" ##### ##??????????????????? | | ?????### #########" " # ###???#?????????????? | | ?????# " !%= #?????????????????? | | ?????# ####### #### # # # #?????????????????? | | #????# #?????# #??# ###### ##?????????????????? | | ??#??# #?????# #### ###### #??????????????????? | | ?????# #?????# ##??????#???????????? | | ?##### #?????# #### !########???????????????????? | | ## = #?????# #?## #??????????????????????????? | | ## ### ###???# #?## ##################?????????? | | ##"## #??## #?#C @ !#?????????? | | %= # # #???# #?#C BB #?????????? | | [ ### #####[#### ######### BB !%#?????????? | | !!!%! ##??????## !#?????????? | | ]/[!!!! ##??????#?# "#?????????? | | %= [!!!! #?????#???#!!!! "#?#???????? | | ^^^# = #########%####?????????########?????????? | | # ###???#?# ###?#??????????#???????????????? | | #?#??# #??????#????????????????????????? | | #????##????????????????????????????????? | | #???????#??????????????????????????????? | | ]%= #?#??????#??????#??????????????????????? | | ## %=###?#?????#???????#?????#????????????????? | | ## = ##########???#?#?#?#?????????????????????? | | ==% #???????????????????????????????? | | [ = #? ???? ????????????????????????? | | % ####### #???????????????????????????????? | | ## ##??# ## ##??#???????????????????????????? | | ## #???# ## #????#?????????????????????????? | | ##### ##??# ## #???#???#####??????????????????? | | ??### #### # ! #???????# #??????????????????? | | ??# == # ######### ############???????? | | ??## #### # "%" ##??????? | | ???# ##?### #### #########!##### #??????? | | ??# # ""###### ##??# #???????#=#"#?# #??????? | +----------------------------------------------------+ Best States ------------- Heat Dissipation 31 Energy Generation 14 Energy Capacity 265 Matter Stores 300 Matter Capacity 300 Sight Range 16 Terrain Scan Range 16 Terrain Scan Density 10 Armor Coverage 225 Resistance: KI 20 Evasion (%) 50 Targeting Accuracy 8 Recoil Reduction 4 Item Schematics ----------------- None Robot Schematics ------------------ None Fabricated ------------ Nothing Repaired ---------- Nothing Studied --------- Lgt. Treads | -8/Materials | Hacked Wheel | -8/Materials | Hacked Hvy. Assault Rifle | -8/Materials | Hacked Hammer | -8/Materials | Hacked Alien Tech Used ----------------- None Achievements -------------- None Challenges ------------ None Game ------ Seed AngularSalvagingHarness Manual? 0 Play Time 00:46:07 Cumulative 179.1 hours Start 2026.08.26 @ 20:43:30 End 2026.08.27 @ 18:48:45 Sessions 1 Manual Loads 0 Difficulty Rogue Special Mode None Game No. 194 Rogue 194 Adventurer 0 Explorer 0 Win Type - Total 0 Types 0/0/0/0/0/0/0/0/0/0 Lore% 60 Gallery% 46 Achievement% 35 Wizard Run 0 Options --------- Layout 0 ASCII 0 Keyboard 0 Movement Arrows Keybinds 0 Fullscreen 1 Font 20/SmallcapsGlow Map View 66x50 Zoom Use 0% Tactical HUD 1 Map Filters NONE Filters NONE Steam 1 RUN: 6b1fca14-2c49-4650-a2fb-f07c4c5d481d